 Dungeon Crawl Stone Soup version 0.29.0-4-gdea44cf6ec (webtiles) character file.

Game seed: 4594193631868325250

1005 Sobieck the Skirmisher (level 8, -1/38 HPs)
             Began as a Vine Stalker Hunter on Aug 27, 2022.
             Slain by a vampire mosquito (4 damage)
             ... on level 6 of the Dungeon.
             The game lasted 00:07:50 (4509 turns).

Sobieck the Skirmisher (Vine Stalker Hunter)        Turns: 4509, Time: 00:07:50

Health: -1/38      AC:  4    Str: 15    XL:     8   Next: 20%
Magic:  0/9        EV: 12    Int: 15    God:
Gold:   207        SH:  0    Dex: 19    Spells: 7/7 levels left

rFire   . . .      SeeInvis .   b - +0 short sword (drain)
rCold   . . .      Faith    +   (no shield)
rNeg    . . .      Spirit   +   c - +0 leather armour
rPois   .          Reflect  .   (no helmet)
rElec   .          Harm     .   k - +0 cloak
rCorr   .          Rampage  .   (no gloves)
Will    +....                   (no boots)
Stlth   ++........              l - amulet of faith
HPRegen 0.92/turn               i - +6 ring of intelligence
MPRegen 0.11/turn               (no ring)

@: no status effects
A: fangs 3, regeneration 1, magic shield, antimagic bite, no potion heal 2
a: no special abilities


You were on level 6 of the Dungeon.
You visited 1 branch of the dungeon, and saw 6 of its levels.

You collected 207 gold pieces.

Inventory:

Hand Weapons
 a - a +0 shortbow of flaming
 b - a +0 short sword of draining (weapon)
 r - a +0 dagger
 s - a +0 short sword
Missiles
 j - 6 poisoned darts
Armour
 c - a +0 leather armour (worn)
 k - a +0 cloak (worn)
Jewellery
 i - a +6 ring of intelligence (left hand)
 l - an amulet of faith (around neck)
 u - an amulet of reflection
Scrolls
 e - 2 scrolls of immolation
 h - a scroll of teleportation
Potions
 d - a potion of haste
 f - 2 potions of flight
 g - 2 potions of curing
 n - 3 potions of mutation
 o - a potion of cancellation
 q - a potion of attraction {unknown}
 v - a potion of brilliance {unknown}


   Skills:
 - Level 1.7 Fighting
 - Level 1.0 Short Blades
 + Level 8.7 Ranged Weapons
 - Level 2.2 Armour
 - Level 1.5 Dodging
 - Level 1.2 Stealth


You had 7 spell levels left.
You didn't know any spells.
Your spell library was empty.

Dungeon Overview and Level Annotations

Branches:
Dungeon (6/15)
 Temple: D:4-7

Altars:
Gozag
Kikubaaqudgha

Shops:
D:3 ?([

Annotations:
D:1 2 transporters
D:3 1 runed translucent door, Crazy Yiuf
D:4 1 runed translucent door, ISoar's ghost, amateur MeTm
D:5 1 runed translucent door, voltaire321's ghost, novice HOFi


Innate Abilities, Weirdness & Mutations

You have razor-sharp teeth.
Your natural rate of healing is unusually fast.
When hurt, damage is shared between your health and your magic reserves.
Your bite disrupts and absorbs the magic of your enemies.
Potions cannot restore your health.


Message History

You hit the vampire mosquito but do no damage.
Your bite misses the vampire mosquito.
The vampire mosquito is heavily damaged.
The vampire mosquito closely misses you. x2
Unknown command.
You miss the vampire mosquito.
The vampire mosquito is heavily damaged.
The vampire mosquito bites you!
* * * LOW HITPOINT WARNING * * *
The vampire mosquito draws strength from your injuries!
The vampire mosquito barely misses you.
You barely miss the vampire mosquito.
The vampire mosquito is moderately damaged.
The vampire mosquito bites you but does no damage. x2
Unknown command.
You barely miss the vampire mosquito. You bite the vampire mosquito.
You drain its power.
You feel invigorated.
The vampire mosquito is heavily damaged.
The vampire mosquito barely misses you.
The vampire mosquito bites you but does no damage.
You hit the vampire mosquito. Your punch misses the vampire mosquito.
You bite the vampire mosquito. You drain its power.
You feel invigorated.
The vampire mosquito is severely damaged.
The vampire mosquito closely misses you.
The vampire mosquito bites you.
* * * LOW HITPOINT WARNING * * *
The vampire mosquito draws strength from your injuries!
You hit the vampire mosquito but do no damage.
You bite the vampire mosquito. You drain its power.
The vampire mosquito is almost destroyed.
The vampire mosquito bites you.
* * * LOW HITPOINT WARNING * * *
The vampire mosquito draws strength from your injuries!
The vampire mosquito bites you!
* * * LOW HITPOINT WARNING * * *
The vampire mosquito draws strength from your injuries!
You barely miss the vampire mosquito. Your bite misses the vampire mosquito.
The vampire mosquito is severely damaged.
The vampire mosquito bites you.
You die...

..... ...
... #.#
#.# #.#
#.# #y#
... #@#
#.#
#.#.#.#
#.#.#.#
#.#.#.#
#.#.#.#
#.#.#.#
#.#.#.#
###.#.#.#
#.......#


You could see a vampire mosquito.

Vanquished Creatures
  A water moccasin (D:5)
  An ogre (D:5)
  A phantom (D:5)
  2 necrophages
  Blork the orc (D:4)
  A scorpion (D:5)
  A howler monkey (D:4)
  2 hounds
  A jelly (D:4)
  Terence (D:3)
  2 iguanas (D:5)
  Natasha (thrice) (D:3)
  An orc wizard (D:5)
  4 gnolls (D:3)
  7 adders
  2 worms
  2 dart slugs
  10 orcs
  3 ball pythons
  3 bats
  4 endoplasms
  2 giant cockroaches (D:1)
  4 goblins
  6 hobgoblins
  6 jackals (D:1)
  4 quokkas
  5 frilled lizards
  9 kobolds
  3 rats
92 creatures vanquished.

Vanquished Creatures (others)
  A withered plant (D:5)
1 creature vanquished.

Grand Total: 93 creatures vanquished

Notes
Turn   | Place    | Note
-------+----------+-------------------------------------------
     0 | D:1      | Sobieck the Vine Stalker Hunter began the quest for the
                  | Orb.
     0 | D:1      | Reached XP level 1. HP: 11/11 MP: 2/2
   127 | D:1      | Reached skill level 4 in Ranged Weapons
   127 | D:1      | Reached XP level 2. HP: 14/15 MP: 3/3
   383 | D:1      | Reached XP level 3. HP: 18/18 MP: 4/4
   696 | D:1      | Found a faded altar of an unknown god.
  1774 | D:3      | Reached skill level 5 in Ranged Weapons
  1774 | D:3      | Gained mutation: Your natural rate of healing is unusually
                  | fast. [Vine Stalker growth]
  1774 | D:3      | Reached XP level 4. HP: 12/23 MP: 2/5
  1850 | D:3      | Noticed Terence
  1857 | D:3      | Killed Terence
  1921 | D:3      | Found Imesiu's Armour Shop.
  1981 | D:3      | Reached XP level 5. HP: 26/26 MP: 6/6
  2001 | D:3      | Reached skill level 1 in Armour
  2213 | D:3      | Found Mieroiwn's Weapon Shoppe.
  2283 | D:3      | Noticed Natasha
  2292 | D:3      | Killed Natasha
  2313 | D:3      | Found an opulent altar of Gozag.
  2315 | D:3      | Noticed Natasha
  2322 | D:3      | Killed Natasha
  2323 | D:3      | Reached skill level 6 in Ranged Weapons
  2323 | D:3      | Reached XP level 6. HP: 23/30 MP: 5/7
  2417 | D:3      | Found Rowkodi's Magic Scroll Shoppe.
  2564 | D:3      | Found a runed translucent door.
  2565 | D:3      | Noticed Crazy Yiuf
  2740 | D:3      | Noticed Natasha
  2748 | D:3      | Killed Natasha
  3160 | D:4      | Found an ancient bone altar of Kikubaaqudgha.
  3338 | D:4      | Noticed Blork the orc
  3349 | D:4      | Killed Blork the orc
  3350 | D:4      | Reached XP level 7. HP: 23/34 MP: 5/8
  3362 | D:4      | Reached skill level 1 in Short Blades
  3583 | D:4      | Found a runed translucent door.
  3584 | D:4      | Noticed ISoar's ghost (amateur MeTm)
  3736 | D:5      | Entered Level 5 of the Dungeon
  3786 | D:5      | Reached skill level 7 in Ranged Weapons
  4132 | D:5      | Found a runed translucent door.
  4226 | D:5      | Noticed voltaire321's ghost (novice HOFi)
  4322 | D:5      | Reached skill level 8 in Ranged Weapons
  4335 | D:5      | Gained mutation: You have razor-sharp teeth. [Vine Stalker
                  | growth]
  4335 | D:5      | Reached XP level 8. HP: 20/38 MP: 5/9
  4509 | D:6      | Slain by a vampire mosquito

Illustrated notes

Levels and vault maps discovered:
D:1:      spicycebolla_arrival_transporter_tutorial, layout_loops_ring,
          shapermc_ecumenical_altar_mp_ritualfount,
          hangedman_decor_clover_reticule, minmay_misc_feat_ornament
D:2:      layout_basic, palyth_stone_intersect, dk_noncrumbling_2, minivault_14
D:3:      layout_loops_ring, grunt_gozag_statues, serial_shops, shop,
          nicolae_shop_trees, nicolae_shop_window_shopping, uniq_terence,
          uniq_natasha, uniq_crazy_yiuf_cottage
D:4:      nicolae_cairo_tiling, layout_rooms, kiku_gazebo_pond_becter,
          ebering_ghost_inner_flame, uniq_blork_the_orc
D:5:      layout_cave_pools, gammafunk_ghost_grave
D:6:      layout_basic, minmay_temple_entry_trees

Skill      XL: |  1  2  3  4  5  6  7 |
---------------+----------------------+-----
Ranged Weapons | 4 5 6 8 |  8.7
Armour         | 1 2 |  2.2
Short Blades   | 1 |  1.0
Fighting       | |  1.7
Dodging        | |  1.5
Stealth        | |  1.2

Action                   |  1- 3 |  4- 6 |  7- 9 || total
-------------------------+-------+-------+-------++-------
Melee: Short sword       |       |    51 |    75 ||   126
       Bite              |       |    20 |    24 ||    44
 Fire: Shortbow          |    89 |    69 |    53 ||   211
  Use: Scroll            |       |       |    10 ||    10
Armor: Leather armour    |    12 |     8 |    10 ||    30
Dodge: Dodged            |    33 |    21 |    33 ||    87
